 Dungeon Crawl Stone Soup version 0.16.0-17-g811c1d7 (webtiles) character file.

63 maniek23 the Ruffian (level 3, -4/28 HPs)
             Began as a Draconian Transmuter on Mar 21, 2015.
             Slain by Grinder (10 damage)
             ... on level 3 of the Dungeon.
             The game lasted 00:07:42 (2265 turns).

maniek23 the Ruffian (Draconian Transmuter)         Turns: 2265, Time: 00:07:42

Health: -4/28      AC:  6    Str: 12    XL:     3   Next: 89%
Magic:  5/6        EV: 12    Int: 14    God:
Gold:   176        SH:  0    Dex: 11    Spells: 2 memorised, 4 levels left

rFire  . . .     SeeInvis .     e - +0 spear
rCold  . . .     Clarity  .     (armour unavailable)
rNeg   . . .     SustAb   .     (no shield)
rPois  .         Gourm    .     (helmet restricted)
rElec  .         Spirit   .     k - +0 cloak
rCorr  .         Warding  .     (no gloves)
rMut   .         Stasis   .     (boots unavailable)
MR     .....                    (no amulet)
Stlth  +.........               l - ring of fire
                                c - ring of ice

@: appendage, not resistant to hostile enchantments, very unstealthy
A: unfitting armour, talons 3, cold-blooded, AC +5
a: End Transformation


You were on level 3 of the Dungeon.
You were not hungry.
You had grown temporary talons.
You visited 1 branch of the dungeon, and saw 3 of its levels.

You collected 176 gold pieces.

Inventory:

Hand weapons
 e - a +0 spear (weapon)
Missiles
 b - 48 arrows
 h - 19 arrows of flame
Armour
 k - a +0 cloak (worn)
Jewellery
 c - a ring of ice (left hand)
 l - a ring of fire (right hand)
Scrolls
 f - a scroll of enchant armour {unknown}
 g - 2 scrolls of identify {unknown}
 i - a scroll of teleportation {unknown}
 j - a scroll of enchant weapon {unknown}
 p - 3 scrolls of immolation {unknown}
Potions
 m - a potion of curing {unknown}
Books
 d - a book of Changes

   Spells                             Type                      Level
   a - Beastly Appendage              Transmutation                1
   b - Sticks to Snakes               Transmutation                2
   c - Spider Form                    Transmutation/Poison         3
   d - Ice Form                       Ice/Transmutation            4
   e - Blade Hands                    Transmutation                5
Comestibles
 a - a bread ration
 n - a chunk of flesh


   Skills:
 + Level 1.3 Fighting
 + Level 0.4 Polearms
 + Level 2.2 Dodging
 + Level 0.8 Stealth
 + Level 3.6 Unarmed Combat
 + Level 2.6 Spellcasting
 + Level 2.1 Transmutations


You had 4 spell levels left.
You knew the following spells:

 Your Spells              Type           Power        Failure   Level  Hunger
a - Beastly Appendage     Trmt           #.....       12%         1    #......
b - Sticks to Snakes      Trmt           #.........   17%         2    ###....


Dungeon Overview and Level Annotations

Branches:
Dungeon (3/15)

Altars:

Annotations:
D:3 Grinder


Innate Abilities, Weirdness & Mutations

Your plain brown scales are hard (AC +5).
Your body does not fit into most forms of armour.
Your cold-blooded metabolism reacts poorly to cold.
You have claws for feet.


Message History

Grinder is lightly wounded.
Grinder gestures at you. You resist with significant effort.
You closely miss Grinder.
Grinder is lightly wounded.
Grinder closely misses you.
You barely miss Grinder.
Grinder is lightly wounded.
Grinder hits you.
You writhe in agony.
Casting: Beastly Appendage
Confirm with . or Enter, or press ? or * to list all spells.
Your feet morph into talons.
Grinder hits you.
* * * LOW HITPOINT WARNING * * *
You writhe in agony.
* * * LOW HITPOINT WARNING * * *
You are too injured to fight recklessly!
You hit Grinder.
Grinder is lightly wounded.
Grinder hits you!
You die...

#.....#.# #.#.#.#..
##..###.# #.#.#>#^.
###.># #.# #.#.#.#..
#....# #.#####.#.#.#..
#....# #.....).#.#.#..
#....# #######.#.#....
#....# #.......#...#..
####....###.#####.###.#..
#.......@5..........<....
#.##....###.#########.##.
#.##....# ..[......##.
#.##....# ##########.
#.######. #. #.# . #
#.############
#.#..........#
#.#.########.#


You could see Grinder.

Vanquished Creatures
  A giant mite (D:3)
  A worm (D:2)
  2 giant geckos (D:1)
  An ooze (D:1)
  6 bats
  4 giant cockroaches
  5 goblins
  6 hobgoblins
  2 jackals (D:3)
  3 kobolds
  A quokka (D:2)
  7 giant newts
  9 rats
48 creatures vanquished.

Notes
Turn   | Place    | Note
--------------------------------------------------------------
     0 | D:1      | maniek23, the Draconian Transmuter, began the quest for the Orb.
     0 | D:1      | Reached XP level 1. HP: 16/16 MP: 3/3
   105 | D:1      | Reached XP level 2. HP: 17/23 MP: 4/4
   742 | D:2      | Reached XP level 3. HP: 17/28 MP: 6/6
  1264 | D:2      | Learned a level 2 spell: Sticks to Snakes
  1852 | D:3      | Noticed Grinder
  1852 | D:3      | Paralysed by Grinder for 6 turns
  1861 | D:3      | Paralysed by Grinder for 7 turns
  1882 | D:3      | Paralysed by Grinder for 2 turns
  2265 | D:3      | Slain by Grinder

Action                   || total
-------------------------++-------
Melee: Spear             ||   175
       Unarmed           ||     3
 Cast: Beastly Appendage ||     2
 Stab: Sleeping          ||     2
  Eat: Chunk             ||     3
       Meat ration       ||     1
